 Dungeon Crawl Stone Soup version 0.28.0 (webtiles) character file.

Game seed: 7015416076930667600

39 mopl the Sneak (level 3, -6/26 HPs)
             Began as a Draconian Enchanter on Feb 8, 2022.
             Mangled by an ogre (19 damage)
             ... on level 3 of the Dungeon.
             The game lasted 00:02:46 (2145 turns).

mopl the Sneak (Draconian Enchanter)                Turns: 2145, Time: 00:02:47

Health: -6/26      AC:  5    Str: 16    XL:     3   Next: 28%
Magic:  1/6        EV: 12    Int: 15    God:
Gold:   157        SH:  0    Dex: 13    Spells: 1/6 levels left

rFire   . . .      SeeInvis .   a - +1 dagger
rCold   . . .      Faith    .   (no shield)
rNeg    . . .      Spirit   .   (armour unavailable)
rPois   .          Reflect  .   (helmet restricted)
rElec   .          Harm     .   (no cloak)
rCorr   .          Rampage  .   (no gloves)
Will    .....                   (no boots)
Stlth   ++........              (no amulet)
HPRegen 0.08/turn               e - ring of wizardry
MPRegen 0.10/turn               g - +6 ring of strength

@: confusing by touch
A: AC +5, unfitting armour, cold-blooded
a: no special abilities


You were on level 3 of the Dungeon.
You visited 1 branch of the dungeon, and saw 3 of its levels.

You collected 157 gold pieces.

Inventory:

Hand Weapons
 a - a +1 dagger (weapon)
Missiles
 h - 4 poisoned darts (quivered)
Jewellery
 e - a ring of wizardry (left hand)
 g - a +6 ring of strength (right hand)
Scrolls
 d - a scroll of teleportation {unknown}
 l - a scroll of identify {unknown}
 m - a scroll of silence {unknown}
 n - a scroll of immolation {unknown}
Potions
 b - a potion of invisibility
 c - a potion of magic {unknown}
 f - a potion of ambrosia {unknown}
 i - 2 potions of curing {unknown}
 j - a potion of heal wounds {unknown}
 k - 2 potions of haste {unknown}


   Skills:
 + Level 1.7 Short Blades
 - Level 1.7 Dodging
 + Level 3.0 Stealth
 + Level 2.3 Spellcasting
 + Level 3.0 Hexes
 + Level 0.7 Ice Magic


You had one spell level left.
You knew the following spells:

 Your Spells              Type           Power      Damage    Failure   Level
b - Ensorcelled Hibernat  Hex/Ice        14%        N/A       6%          2
c - Confusing Touch       Hex            10%        N/A       8%          3

Your spell library contained the following spells:

 Spells                   Type           Power      Damage    Failure   Level
 Tukima's Dance           Hex            10%        N/A       8%          3
 Dazzling Flash           Conj/Hex       12%        N/A       14%         3


Dungeon Overview and Level Annotations

Branches:
Dungeon (3/15)

Altars:
Gozag


Innate Abilities, Weirdness & Mutations

Your plain brown scales are hard. (AC +5)
You cannot fit into any form of body armour.
You are cold-blooded and may be slowed by cold attacks.


Message History

Found a stone staircase leading up.
Found a stone staircase leading down.
Done exploring.
There is a stone staircase leading down here.
You climb downwards.
Found a dark potion.
There is a stone staircase leading up here.
The helpless hobgoblin fails to defend itself.
You puncture the hobgoblin!
You kill the hobgoblin!
Found 28 sling bullets.
Things that are here:
a dark potion; a hobgoblin corpse
Found a great sword.
The helpless ogre fails to defend itself.
You puncture the ogre!
The ogre is moderately wounded.
The ogre barely misses you.
Casting: Ensorcelled Hibernation (safe; 6% risk of failure)
Confirm with . or Enter, or press ? or * to list all spells.
Aiming: Ensorcelled Hibernation (safe; 6% risk of failure)
Press: ? - help, Shift-Dir - straight line, f - ogre
Aim: an ogre, wielding a +0 giant club (moderately wounded, chance to affect: 40%)
The ogre looks drowsy...
The helpless ogre fails to defend itself.
You puncture the ogre!
The ogre is severely wounded.
The ogre hits you with a +0 giant club!
Ouch! That really hurt!
Casting: Ensorcelled Hibernation (safe; 6% risk of failure)
Confirm with . or Enter, or press ? or * to list all spells.
The spell is quite dangerous to miscast (8% risk of failure)!
Continue anyway? [Y]es or [N]o only, please.
The spell is quite dangerous to miscast (8% risk of failure)!
Continue anyway? [Y]es or [N]o only, please.
The spell is quite dangerous to miscast (8% risk of failure)!
Continue anyway?
Your hands begin to glow red.
The ogre hits you with a +0 giant club!!
Ouch! That really hurt!
You die...

). (. .. .#
# .# #. .#
#.####.#
#...@O.#####
#.#..!.....#
#.<#.....#
#....#####
#..### #...
#.## ##


You could see an ogre.

Vanquished Creatures
  An endoplasm (D:1)
  5 giant cockroaches
  5 goblins
  5 hobgoblins
  7 kobolds (D:1)
  2 quokkas (D:1)
  4 ball pythons
  2 bats
  2 frilled lizards
33 creatures vanquished.

Notes
Turn   | Place    | Note
-------+----------+-------------------------------------------
     0 | D:1      | mopl the Draconian Enchanter began the quest for the Orb.
     0 | D:1      | Reached XP level 1. HP: 14/14 MP: 3/3
   420 | D:1      | Reached XP level 2. HP: 18/20 MP: 5/5
   423 | D:1      | Learned a level 2 spell: Ensorcelled Hibernation
   789 | D:1      | HP: 1/20 [kobold (2)]
  1108 | D:1      | Reached skill level 3 in Stealth
  1425 | D:1      | Reached skill level 3 in Hexes
  1442 | D:1      | Reached XP level 3. HP: 21/26 MP: 6/6
  1446 | D:1      | Learned a level 3 spell: Confusing Touch
  1779 | D:2      | Found an opulent altar of Gozag.
  2137 | D:3      | Noticed an ogre
  2145 | D:3      | Mangled by an ogre

Illustrated notes

Levels and vault maps discovered:
D:1:      dpeg_arrival_snail, layout_rooms
D:2:      layout_basic, basic_altar
D:3:      layout_basic, nicolae_overflow_crystal_walls,
          hellmonk_ecumenical_altar_arch_garden, hex_medium, uniq_jessica

Skill      XL: |  1  2 |
---------------+-------+-----
Stealth        | 3 |  3.0
Hexes          | 3 |  3.0
Short Blades   | |  1.7
Dodging        | |  1.7
Spellcasting   | |  2.3
Ice Magic      | |  0.7

Action                   || total
-------------------------++-------
Melee: Dagger            ||   135
       Tailslap          ||    11
 Cast: Ensorcelled Hiber ||     5
       Confusing Touch   ||     1
 Stab: Sleeping          ||     8
Armor: Skin              ||    37
Dodge: Dodged            ||    66
